 Zot Defence DCSS version 0.15.2 (webtiles) character file.

1 FishyPogo the Grave Robber (level 1, 0/1 (14) HPs)
             Began as a Ghoul Necromancer on July 25, 2019.
             Rotted away (a kobold)
             ... in the Realm of Zot (Scenario I: Hall of Zot).
             The game lasted 00:01:25 (212 turns).

FishyPogo the Grave Robber (Ghoul Necromancer)       Turns: 212, Time: 00:01:27

HP   0/1 (14)    AC  2     Str 11      XL: 1   Next: 20%
MP   2/2         EV 12     Int 10      God:
Gold 0           SH  0     Dex  9      Spells:  2 memorised,  1 level left

rFire  . . .     SeeInvis .     (no weapon)
rCold  + . .     Clarity  .     a - +0 robe
rNeg   + + +     rCorr    .     (no shield)
rPois  +         rRot     +     (no helmet)
rElec  .         Spirit   .     (no cloak)
SustAb .         Warding  .     (no gloves)
rMut   .         Stasis   .     (no boots)
Saprov + + +                    (no amulet)
MR     .....                    (no ring)
                                (no ring)

@: rotting, not resistant to hostile enchantments, unstealthy
A: rotting body, claws 1, carnivore 3, cold resistance 1, negative energy
resistance 3, poison resistance, saprovore 3, slow healing 1, torment
resistance, unbreathing
a: no special abilities


You were in the Realm of Zot.
You were not hungry.

You visited 1 branch

Inventory:

Armour
 a - a +0 robe (worn)
Scrolls
 h - a scroll of blinking
Potions
 c - 3 potions of curing
 d - a potion of heal wounds
 e - a potion of haste
 f - 2 potions of magic
Books
 b - a book of Necromancy

   Spells                             Type                      Level
   *Pain                              Necromancy                   1
   *Animate Skeleton                  Necromancy                   1
   Vampiric Draining                  Necromancy                   3
   Regeneration                       Charms/Necromancy            3
   Animate Dead                       Necromancy                   4
   Control Undead                     Necromancy                   4


   Skills:
 + Level 1.7 Dodging
 - Level 2.1 Stealth
 + Level 1.8 Spellcasting
 + Level 4.0 Necromancy


You had one spell level left.
You knew the following spells:

 Your Spells              Type           Power        Failure   Level  Hunger
a - Pain                  Necr           #...         10%         1    ##.....
b - Animate Skeleton      Necr           N/A          10%         1    ##.....


Dungeon Overview and Level Annotations

Branches:
    Zot (1/1)

Altars:


Innate Abilities, Weirdness & Mutations

Your body is rotting away.
You have sharp fingernails.
You are carnivorous and can eat meat at any time.
Your flesh is cold resistant.
You are immune to negative energy.
Your system is resistant to poisons.
You thrive on rotten meat.
You heal slowly when monsters are visible.
You are immune to unholy pain and torment.
You can survive without breathing.


Message History

You see here a rat corpse.
Your flesh rots away as the Orb of Zot is desecrated. x2
Your flesh rots away as the Orb of Zot is desecrated.
You scratch the giant cockroach but do no damage.
The giant cockroach misses you.
Your flesh rots away as the Orb of Zot is desecrated. x2
You barely miss the giant cockroach. The giant cockroach misses you.
Your flesh rots away as the Orb of Zot is desecrated. x2
The giant cockroach barely misses you.
You closely miss the giant cockroach.
Your flesh rots away as the Orb of Zot is desecrated. x2
The giant cockroach misses you.
You closely miss the giant cockroach. The giant cockroach misses you.
Your flesh rots away as the Orb of Zot is desecrated. x2
Your flesh rots away as the Orb of Zot is desecrated.
You scratch the giant cockroach but do no damage.
The giant cockroach barely misses you.
Your flesh rots away as the Orb of Zot is desecrated.
Ouch! That really hurt!
You die...

#### ############## ###
####......... ..###
###............ ....##
##.............. .....# ▓▓▓▓▓▓▓▓▓
#...............
.....▓▓▓.......▓▓▓...............
.....▓▓.........▓▓...............
.....▓...........▓...............
...........K....@s...............
.....▓...........▓...............
.....▓▓.........▓▓...............
.....▓▓▓.......▓▓▓...............
.....▓ ▓▓▓▓▓▓▓▓▓ ▓...............
....▓▓ ▓▓.............. ..▓▓▓
▓▓▓............ ▓▓▓ ▓▓▓▓.........
▓▓▓ ▓▓▓▓▓▓▓▓▓▓▓▓▓


You could see a giant cockroach and a kobold.

Vanquished Creatures
  A rat (Zot)
1 creature vanquished.

Notes
Turn   | Place    | Note
--------------------------------------------------------------
     0 | Zot      | FishyPogo, the Ghoul Necromancer, began the quest for the Orb.
     0 | Zot      | Reached XP level 1. HP: 14/14 MP: 2/2
     2 | Zot      | Learned a level 1 spell: Animate Skeleton
   212 | Zot      | Rotted away (a kobold)

Action                   || total
-------------------------++-------
Melee: Unarmed           ||     5
 Cast: Pain              ||     1
